 Dungeon Crawl Stone Soup version 0.28.0-47-ge53b351184 (webtiles) character file.

Game seed: 14205123262820825437

29 Zeld the Chopper (level 3, -14/30 (33) HPs)
             Began as a Hill Orc Monk on May 9, 2022.
             Demolished by an ogre
             ... wielding a +0 giant spiked club
              (21 damage)
             ... on level 6 of the Dungeon.
             The game lasted 00:01:30 (1862 turns).

Zeld the Chopper (Hill Orc Monk)                    Turns: 1862, Time: 00:01:31

HP:   -14/30 (33)   AC:  2    Str: 15    XL:     3   Next: 16%
MP:   3/3           EV: 12    Int: 10    God:
Gold: 72            SH:  0    Dex: 13    Spells: 2/2 levels left

rFire   . . .      SeeInvis .   a - +0 hand axe
rCold   . . .      Faith    .   (no shield)
rNeg    . . .      Spirit   .   b - +0 robe
rPois   .          Reflect  .   (no helmet)
rElec   .          Harm     .   (no cloak)
rCorr   .          Rampage  .   (no gloves)
Will    .....                   (no boots)
Stlth   ++........              (no amulet)
HPRegen 0.10/turn               (no ring)
MPRegen 0.08/turn               (no ring)

@: drained
A: no striking features
a: no special abilities


You were on level 6 of the Dungeon.
You visited 1 branch of the dungeon, and saw 4 of its levels.

You collected 72 gold pieces.

Inventory:

Hand Weapons
 a - a +0 hand axe (weapon)
Armour
 b - a +0 robe (worn)
Scrolls
 c - 6 scrolls of identify {unknown}
 f - a scroll of silence {unknown}
 g - a scroll of fear {unknown}
Potions
 d - a potion of magic {unknown}
 e - a potion of haste {unknown}
 h - a potion of heal wounds {unknown}
 i - a potion of resistance {unknown}


   Skills:
 * Level 4.1 Fighting
 * Level 4.6 Axes
 + Level 1.0 Armour
 + Level 2.6 Dodging
 - Level 1.5 Stealth


You had 2 spell levels left.
You didn't know any spells.
Your spell library was empty.

Dungeon Overview and Level Annotations

Branches:
Dungeon (3/15)

Altars:


Message History

An orc is nearby!
An orc is nearby!
An orc is nearby!
An orc is nearby!
A sourceless malevolence fills the Dungeon...
You fall into a shaft and drop 3 floors!
The shaft crumbles and collapses.
A wight comes into view. It is wielding a +0 short sword.
You open the large door.
The wight hits you with a +0 short sword!
You feel drained.
Found a stone staircase leading down.
You closely miss the wight.
The wight hits you with a +0 short sword!
You feel drained.
You are too injured to fight recklessly!
You are too injured to fight recklessly!
You are too injured to fight recklessly!
You hit the wight but do no damage. The wight closely misses you.
There is a large open door here.
Found an escape hatch in the ceiling.
Found a thin runed staff.
A hound comes into view.
You hit the wight.
The wight is lightly damaged.
The wight hits you with a +0 short sword.
You completely miss the wight.
The wight is lightly damaged.
The wight closely misses you.
You hit the wight.
The wight is moderately damaged.
The wight hits you with a +0 short sword!
* * * LOW HITPOINT WARNING * * *
An iguana comes into view.
The iguana moves out of view.
An ogre comes into view. It is wielding a +0 giant spiked club.
The iguana hisses angrily.
The ogre hits you with a +0 giant spiked club!!
Ouch! That really hurt!
You die...

#...#...<......#.'.....≈#
#...............#≈§.§≈≈#
#..........>....#≈§§§≈≈#
#........############ #
##..##.#..#
#.#...##l#|....
#......#.#..#....
#......#z##.#...#
#....#...@O##h# ...#
####.#..........##.. #
#.......#.## ##
#......... #......##..#
........ ..# ........#.
.. ...#.....###


You could see an ogre, an iguana and a wight.

Vanquished Creatures
  A dart slug (D:3)
  3 endoplasms
  A giant cockroach (D:1)
  2 goblins
  A hobgoblin (D:3)
  A jackal (D:1)
  3 quokkas
  2 ball pythons (D:3)
  2 bats
  2 frilled lizards
  2 kobolds
  6 rats
26 creatures vanquished.

Notes
Turn   | Place    | Note
-------+----------+-------------------------------------------
     0 | D:1      | Zeld the Hill Orc Monk began the quest for the Orb.
     0 | D:1      | Reached XP level 1. HP: 19/19 MP: 1/1
   452 | D:1      | Reached XP level 2. HP: 27/27 MP: 2/2
  1528 | D:3      | Reached XP level 3. HP: 25/33 MP: 3/3
  1641 | D:3      | Identified the +10 flail of Spontaneous Combustion {vorpal,
                  | Str+3}
  1698 | D:3      | Reached skill level 1 in Armour
  1808 | D:3      | You fall into a shaft and drop 3 floors!
  1859 | D:6      | Noticed an ogre
  1862 | D:6      | Demolished by an ogre

Illustrated notes

Levels and vault maps discovered:
D:1:      dpeg_cavernosity, layout_basic, minmay_stone_trees_small
D:2:      layout_basic
D:3:      kennysheep_big_flooded_room, layout_loops_cross,
          chequers_serial_rivers_marsh
D:6:      layout_rooms, kennysheep_generic_room_15

Skill      XL: |  1  2  3 |
---------------+----------+-----
Fighting       | 4 |  4.1
Armour         | 1 |  1.0
Axes           | |  4.6
Dodging        | |  2.6
Stealth        | |  1.5

Action                   || total
-------------------------++-------
Melee: Hand axe          ||    99
       Punch             ||     3
 Stab: Sleeping          ||     3
       Distracted        ||     1
Armor: Robe              ||    17
Dodge: Dodged            ||    58
